 Dungeon Crawl Stone Soup version 0.26.1-11-gd32895ea62 (webtiles) character file.

Game seed: 8437314883047231757

252 jlumianski the Caller (level 5, 0/18 HPs)
             Began as a Felid Summoner on June 1, 2021.
             Was a Believer of Hepliaklqana.
             Slain by a nameless horror (9 damage)
             ... created by miscasting Summon Guardian Golem
             ... on level 5 of the Dungeon on June 2, 2021.
             The game lasted 00:27:48 (6267 turns).

jlumianski the Caller (Felid Summoner)              Turns: 6267, Time: 00:27:49

Health: 0/18       AC:  2    Str:  4    XL:     5   Next: 89%
Magic:  0/13       EV: 18    Int: 18    God:    Hepliaklqana [**....]
Gold:   140        SH:  0    Dex: 17    Spells: 4/13 levels left
                                        Lives:  0   Deaths: 1

rFire    . . .     SeeInvis +   (weapon unavailable)
rCold    . . .     Faith    .   (shield unavailable)
rNeg     . . .     Spirit   .   (armour unavailable)
rPois    .         Reflect  .   (helmet unavailable)
rElec    .         Harm     .   (cloak unavailable)
rCorr    .         Rampage  .   (gloves unavailable)
Will     .....                  (boots unavailable)
Stlth    ++++......             (no amulet)
HPRegen  0.06/turn              s - ring of stealth
MPRegen  0.13/turn              (no ring)

@: very slightly contaminated, quick
A: very small, no armour, no weapons or thrown items, stealth, reduced essence,
claws 1, fangs 3, see invisible, speed 1, shaggy fur 2, sharp paws
a: Renounce Religion, Recall Ancestor, Ancestor Identity


You were on level 5 of the Dungeon.
You worshipped Hepliaklqana.
Hepliaklqana was pleased with you.
You visited 1 branch of the dungeon, and saw 6 of its levels.

You collected 295 gold pieces.
You spent 155 gold pieces at shops.

Inventory:

Jewellery
 s - a ring of stealth (left paw)
Wands
 q - a wand of random effects (12)
 r - a wand of acid (11)
Scrolls
 b - 3 scrolls of remove curse
 c - 3 scrolls of identify
 h - a scroll of fog
 j - a scroll of amnesia
 k - a scroll of enchant armour {unknown}
 l - a scroll of fear {unknown}
 m - a scroll of immolation {unknown}
 n - 3 scrolls of magic mapping {unknown}
 o - a scroll of enchant weapon {unknown}
Potions
 a - a potion of curing
 d - a potion of brilliance
 e - a potion of mutation
 g - a potion of degeneration {unknown}
 p - a potion of attraction {unknown}
 t - 2 potions of flight {unknown}


   Skills:
 + Level 3.0 Dodging
 + Level 3.3 Stealth
 + Level 0.6 Unarmed Combat
 + Level 4.7 Spellcasting
 + Level 6.0 Summonings


You had 4 spell levels left.
You knew the following spells:

 Your Spells              Type           Power        Failure   Level
a - Summon Small Mammal   Summ           100%         1%          1
b - Call Imp              Summ           26%          1%          2
c - Call Canine Familiar  Summ           26%          3%          3
d - Summon Guardian Gole  Hex/Summ       15%          12%         3

Your spell library contained the following spells:

 Spells                   Type           Power        Failure   Level
 Summon Ice Beast         Ice/Summ       15%          36%         4
 Summon Lightning Spire   Summ/Air       15%          36%         4


Dungeon Overview and Level Annotations

Branches:
Dungeon (6/15)             Temple (0/1) D:5

Altars:
Dithmenos
Hepliaklqana
Qazlal
Sif Muna

Shops:
D:5 *


Innate Abilities, Weirdness & Mutations

You cannot wear armour.
You are incapable of wielding weapons or throwing items.
Your paws allow you to move quietly. (Stealth)
You have sharp claws.
You have razor-sharp teeth.
You have supernaturally acute eyesight. (SInv)
You cover ground quickly.
You are covered in thick fur. (AC +2)
Your sharp claws are effective at attacking unaware monsters.
Your life essence is reduced to manifest your ancestor. (-10% HP)


Message History

You scratch the nameless horror but do no damage.
The nameless horror is heavily damaged.
Your hound bites the nameless horror but does no damage.
Send 'em back where they came from!
Your hound shudders.
Your quokka shudders.
Nolwazi hits the nameless horror with a +0 flail!
Your quokka bites the nameless horror but does no damage.
Your hound bites the nameless horror but does no damage.
You scratch the nameless horror but do no damage.
The nameless horror is almost destroyed.
Your hound disappears in a puff of smoke!
The nameless horror closely misses you.
Nolwazi hits the nameless horror but does no damage.
Your quokka bites the nameless horror but does no damage.
Unknown command.
You scratch the nameless horror but do no damage.
The nameless horror is almost destroyed.
The nameless horror hits you!
Ouch! That really hurt!
You die...

## ## .### .# .#.###### ..
##..#...# .# .#..h5### #.## .
....### #####..§#..# ....#
#..)#R§.5# ...## ##.#@X...# ...#
#..###r..... ..## #..#
#..#....... ..# #..### #.........
..## ###....####......... ...##
####..................
....####.(.................# .
...........##..............## ..
...........###..............##...


You could see the friendly Nolwazi the knight, a nameless horror, a white imp
and a friendly quokka (summoned).

Vanquished Creatures
  A leopard gecko (D:3)
  2 hobgoblins (D:3)
  A jackal (D:2)
  A quokka (D:5)
  2 bats
  2 frilled lizards
  A kobold (D:1)
  A rat (D:1)
11 creatures vanquished.

Vanquished Creatures (collateral kills)
  Sigmund (D:3)
  An ogre (D:5)
  A howler monkey (D:4)
  2 hounds (D:4)
  A centaur zombie (D:5)
  An orc wizard (D:3)
  A worker ant (D:4)
  3 gnolls (D:5)
  3 adders
  A worm (D:2)
  4 dart slugs
  3 leopard geckos
  13 orcs
  2 ball pythons (D:1)
  2 giant cockroaches (D:2)
  7 goblins
  9 hobgoblins
  5 jackals (D:2)
  2 quokkas (D:2)
  5 bats
  3 frilled lizards
  A jackal skeleton (D:5)
  9 kobolds
  2 rats
82 creatures vanquished.

Vanquished Creatures (others)
  2 ancestors
2 creatures vanquished.

Grand Total: 95 creatures vanquished

Notes
Turn   | Place    | Note
-------+----------+-------------------------------------------
     0 | D:1      | jlumianski the Felid Summoner began the quest for the Orb.
     0 | D:1      | Reached XP level 1. HP: 7/7 MP: 4/4
   384 | D:1      | Reached XP level 2. HP: 11/11 MP: 0/6
   495 | D:1      | Learned a level 2 spell: Call Imp
  1649 | D:2      | Reached XP level 3. HP: 14/14 MP: 0/7
  2802 | D:3      | Reached XP level 4. HP: 5/18 MP: 1/9
  3134 | D:3      | Found a hazy altar of Hepliaklqana.
  3168 | D:3      | Became a worshipper of Hepliaklqana the Forgotten
  3451 | D:3      | Found a stormy altar of Qazlal.
  3923 | D:3      | Noticed Sigmund
  3980 | D:3      | Killed Sigmund
  3981 | D:3      | Reached skill level 5 in Summonings
  3981 | D:3      | Reached XP level 5. HP: 9/18 MP: 1/12
  4220 | D:3      | Learned a level 3 spell: Call Canine Familiar
  4651 | D:3      | Reached * piety under Hepliaklqana
  4856 | D:4      | Gained mutation: You are covered in thick fur. (AC +2)
                  | [Felid growth]
  4856 | D:4      | Reached XP level 6. HP: 21/21 MP: 3/13
  5103 | D:4      | Found a shimmering blue altar of Sif Muna.
  5173 | D:4      | Found a shadowy altar of Dithmenos.
  5361 | D:4      | You fall into a shaft and drop 2 floors!
  5521 | D:6      | Shot with an arrow by a centaur
  5522 | D:6      | Reached XP level 5. HP: -6/18 MP: 10/12
  5547 | D:5      | Entered Level 5 of the Dungeon
  5742 | D:5      | Found Toikloj's Assorted Antiques.
  5750 | D:5      | Bought an agate ring for 155 gold pieces
  5874 | D:5      | Learned a level 3 spell: Summon Guardian Golem
  5900 | D:5      | Reached ** piety under Hepliaklqana
  5901 | D:5      | Remembered your ancestor Nolwazi as a knight
  5936 | D:5      | Noticed an ogre
  5950 | D:5      | Killed an ogre
  5951 | D:5      | Reached skill level 6 in Summonings
  6017 | D:5      | Found a staircase to the Ecumenical Temple.
  6257 | D:5      | Noticed a nameless horror
  6267 | D:5      | Slain by a nameless horror

Illustrated notes

Levels and vault maps discovered:
D:1:      evilmike_arrival_plus, layout_loops_cross, grunt_decor_one_mirror
D:2:      layout_basic
D:3:      layout_basic, nicolae_qazlal_eye_of_the_storm,
          nzn_hepliaklqana_mist_gate, kennysheep_generic_room_9, uniq_sigmund
D:4:      layout_cave_pools, nicolae_overflow_crystal_walls,
          kennysheep_mini_moat, general_overflow_altar, nrook_loot_triangle
D:5:      layout_layer_cave, minmay_temple_entry_statues_fountains,
          serial_shops, shop
D:6:      layout_rooms, basic_altar, grunt_ministairs_10,
          chequers_serial_rivers_micro_a, minivault_26, fedhas_altar_4

Skill      XL: |  1  2  3  4  5 |
---------------+----------------+-----
Spellcasting   | 3 4 |  4.7
Stealth        | 3 |  3.3
Summonings     | 5 6 |  6.0
Dodging        | 3 |  3.0
Unarmed Combat | |  0.6

Action                   |  1- 3 |  4- 6 || total
-------------------------+-------+-------++-------
Melee: Unarmed           |    12 |    44 ||    56
       Bite              |     1 |     4 ||     5
 Cast: Summon Small Mamm |   101 |    36 ||   137
       Call Imp          |    28 |    36 ||    64
       Call Canine Famil |       |    12 ||    12
Invok: Recall Ancestor   |       |     3 ||     3
       Ancestor Life: Kn |       |     1 ||     1
  Use: Potion            |       |     5 ||     5
       Scroll            |       |     5 ||     5
 Stab: Sleeping          |     4 |     1 ||     5
Armor: Skin              |     3 |     4 ||     7
Dodge: Dodged            |    41 |    50 ||    91
